AoeStats
← [Massa] Edo

Arena

506920387Analyzed
2v2 RM · 15d ago on Sep 15, 2026· 42m 32s· 4 players
Game mode
Random Map
Map size
Medium (4 player)
Population
200
Speed
Normal
Resources
Standard
Victory
Conquest
Starting age
Dark Age
Ending age
Imperial Age
RankedLock teamsTeams togetherTeam positionsShared explorationLock speedFull tech treeHidden civsTurbo modeCheats
Victory
Defeat
🇧🇷 Berbers · Brazil
1433
+15
🇧🇷 Malay · Brazil
1386
+16
🇫🇷 Malay · France
1409
-16
🇫🇷 Persians · France
1388
-15
Tom
11:25 Feudal Age
11:47 Loom
15:18 Castle Age
13:27 Double-Bit Axe
14:18 Horse Collar
19:28 Bow Saw
22:40 Gold Mining
22:54 Heavy Plow
23:30 Wheelbarrow
27:48 Imperial Age
25:16 Fletching
25:27 Padded Archer Armor
25:53 Bodkin Arrow
26:04 Thumb Ring
26:39 Ballistics
25:42 Crossbowman
27:15 Bracer
28:18 Chemistry
27:24 Stone Mining
27:51 Leather Archer Armor
27:26 Arbalester
29:10 Town Watch
31:25 Siege Engineers
33:34 Ring Archer Armor
33:50 Pikeman
34:31 Squires
34:42 Forging
36:48 Conscription
38:13 Crop Rotation
38:44 Halberdier
40:47 Iron Casting
40:30 Elite Karambit Warrior
Ziko
10:33 Feudal Age
12:04 Loom
14:53 Castle Age
13:07 Double-Bit Axe
16:44 Bow Saw
16:18 Horse Collar
29:28 Wheelbarrow
31:48 Imperial Age
29:50 Scale Barding Armor
29:55 Forging
31:22 Chain Barding Armor
31:19 Pikeman
33:09 Plate Barding Armor
32:18 Halberdier
32:23 Cavalier
33:59 Forging
34:02 Bloodlines
34:08 Savar
36:00 Iron Casting
[Massa] Edo
11:01 Feudal Age
14:59 Castle Age
13:22 Double-Bit Axe
13:21 Horse Collar
14:19 Gold Mining
16:40 Bow Saw
17:27 Loom
21:48 Heavy Plow
22:43 Wheelbarrow
24:06 Gold Shaft Mining
25:31 Stone Mining
26:47 Stone Shaft Mining
30:20 Imperial Age
28:27 Hand Cart
29:53 Husbandry
30:29 Bloodlines
29:40 Light Cavalry
30:27 Scale Barding Armor
30:32 Forging
32:16 Chemistry
31:39 Ballistics
31:56 Conscription
32:10 Siege Engineers
33:10 Chain Barding Armor
33:25 Iron Casting
32:14 Hussar
35:14 Fletching
38:59 Blast Furnace
40:12 Plate Barding Armor
42:43 Crop Rotation
tg
13:03 Feudal Age
16:05 Castle Age
14:50 Horse Collar
14:56 Double-Bit Axe
18:22 Heavy Plow
18:38 Bow Saw
21:58 Heavy Plow
22:34 Wheelbarrow
23:52 Hand Cart
23:29 Gold Mining
26:20 Gold Shaft Mining
26:06 Loom
29:00 Imperial Age
26:16 Loom
26:18 Town Watch
27:46 Pikeman
28:26 Squires
30:10 Chemistry
29:30 Ballistics
29:22 Forging
28:36 Halberdier
29:01 Arson
29:39 Stone Mining
31:18 Guilds
33:20 Iron Casting
35:16 Padded Archer Armor
35:06 Fletching
34:51 Elite Skirmisher
35:36 Thumb Ring
36:13 Leather Archer Armor
36:13 Masonry
38:10 Conscription
38:31 Ring Archer Armor
37:57 Bodkin Arrow
38:36 Arson
39:15 Treadmill Crane
39:40 Siege Engineers
39:58 Bracer
40:18 Forced Levy
41:43 Blast Furnace
40:56 Siege Engineers
41:23 Man-at-Arms
42:18 Murder Holes
Connection lost

Rejoining the realm…

Still unreachable

The connection could not be restored.

Session expired

The server has moved on; the page needs a fresh start.